 Dungeon Crawl Stone Soup version 0.31-a0-931-g7b59d4eb97 (webtiles) character file.

Game seed: 12938169603238257196

2233 Ekaitz the Firebug (level 9, -4/65 HPs)
             Began as a Demonspawn Fire Elementalist on Oct 19, 2023.
             Was a Follower of Uskayaw.
             Slain by an orc warlord
             ... wielding a +6 battleaxe
              (26 damage)
             ... in a bailey.
             The game lasted 00:20:31 (8383 turns).

Ekaitz the Firebug (Demonspawn Fire Elementalist)   Turns: 8383, Time: 00:20:32

Health: -4/65      AC:  6    Str:  8    XL:     9   Next: 14%
Magic:  0/15       EV: 18    Int: 21    God:    Uskayaw [*.....]
Gold:   277        SH:  0    Dex: 14    Spells: 5/16 levels left

rFire   + . .        a - +1 dagger (protect)
rCold   x . .        (no shield)
rNeg    . . .        j - +0 robe
rPois   .            (helmet restricted)
rElec   .            R - +0 cloak
rCorr   .            w - +2 pair of gloves
SInv    .            (no boots)
Will    .....        y - amulet of faith
Stlth   +            p - +5 ring of evasion
HPRegen 0.30/turn    D - ring of fire
MPRegen 0.14/turn

%: faith
@: very slow
A: antennae 1, hooves 2, demonic guardian 2, ignite blood 1
a: Renounce Religion, Stomp


You were in a bailey.
You worshipped Uskayaw.
Uskayaw was noncommittal.
You visited 2 branches of the dungeon, and saw 8 of its levels.
You also visited: Sewer and Bailey.

You collected 376 gold pieces.
You spent 99 gold pieces at shops.

Inventory:

Hand Weapons
 a - a +1 dagger of protection (weapon)
 b - a +0 broad axe
 l - a +2 vampiric short sword
 I - a +3 flail of draining
Missiles
 i - 11 boomerangs
 B - 2 curare-tipped darts
Armour
 e - a scarf of invisibility
 j - a +0 robe (worn)
 s - a +0 buckler
 w - a +2 pair of gloves (worn)
 G - the +2 pair of gloves of Qecim {rC- Will- Str+4 Int+5}
   (You found it on level 4 of the Dungeon)

   Str+4:     It affects your strength (+4).
   Int+5:     It affects your intelligence (+5).
   rC-:       It makes you vulnerable to cold.
   Will-:     It decreases your willpower.
 R - a +0 cloak (worn)
 S - the +1 cloak "Peveimacin" {rPois rC- Int+5}
   (You found it on level 6 of the Dungeon)

   Int+5:     It affects your intelligence (+5).
   rC-:       It makes you vulnerable to cold.
   rPois:     It protects you from poison
Magical Staves
 H - a staff of conjuration
Jewellery
 p - a +5 ring of evasion (left hand)
 y - an amulet of faith (around neck)
 D - a ring of fire (right hand)
 J - a ring of willpower
Scrolls
 c - 2 scrolls of enchant armour {unknown}
 f - a scroll of blinking {unknown}
 g - 2 scrolls of teleportation
 h - a scroll of poison {unknown}
 k - 3 scrolls of fear {unknown}
 m - 2 scrolls of identify
 n - 3 scrolls of revelation {unknown}
 o - 3 scrolls of fog {unknown}
 x - 3 scrolls of noise
 C - 2 scrolls of enchant weapon {unknown}
 E - a scroll of silence
 M - 2 scrolls of vulnerability {unknown}
Potions
 d - 2 potions of degeneration {unknown}
 q - 3 potions of haste {unknown}
 r - 2 potions of brilliance {unknown}
 t - 3 potions of curing {unknown}
 u - a potion of lignification
 v - a potion of might
 z - 2 potions of heal wounds {unknown}
 A - a potion of resistance
 F - 3 potions of mutation {unknown}
 K - a potion of magic
 O - a potion of invisibility {unknown}
 P - 4 potions of enlightenment


   Skills:
 * Level 3.8 Fighting
 + Level 1.2 Short Blades
 * Level 3.6 Dodging
 + Level 3.0 Stealth
 + Level 4.3 Spellcasting
 + Level 3.3 Conjurations
 * Level 2.8 Hexes
 * Level 3.2 Translocations
 * Level 5.8 Fire Magic
 * Level 2.7 Invocations
 * Level 3.7 Evocations


You had 5 spell levels left.
You knew the following spells:

 Your Spells              Type           Power      Damage    Failure   Level
a - Foxfire               Conj/Fire      100%       2x1d9     1%          1
b - Scorch                Fire           86%        2d8       1%          2
c - Volatile Blastmotes   Fire/Tloc      70%        2d15      5%          3
i - Inner Flame           Hex/Fire       34%        N/A       6%          3
k - Blink                 Tloc           36%        N/A       4%          2

Your spell library contained the following spells:

 Spells                   Type           Power      Damage    Failure   Level
 Lesser Beckoning         Tloc           36%        N/A       4%          2
 Momentum Strike          Conj/Tloc      36%        3d9       4%          2
 Dazzling Flash           Conj/Hex       34%        N/A       10%         3
 Flame Wave               Conj/Fire      35%        2d10      17%         4
 Manifold Assault         Tloc           18%        N/A       30%         4
 Starburst                Conj/Fire      17%        6d6       95%         6
 Maxwell's Capacitive Co  Air            2%         ∞         100%        8


Dungeon Overview and Level Annotations

Branches:
Dungeon (7/15)             Temple (1/1) D:6           Sewer (visited)
 Bailey (1/1)

Altars:
Ashenzari
Cheibriados
Fedhas
Gozag
Hepliaklqana
Kikubaaqudgha
Makhleb
Nemelex Xobeh
Okawaru
Qazlal
Ru
Trog
Uskayaw
Vehumet
Wu Jian
Xom
Yredelemnul

Shops:
D:4 *


Innate Abilities, Weirdness & Mutations

You have a pair of small antennae on your head.
You have hoof-like feet.
A demonic guardian rushes to your aid.
Your demonic aura sometimes causes spilled blood to erupt in flames.


Message History

The concussive blast engulfs the orc warlord!
The orc warlord is severely wounded.
The concussive blast engulfs you! You resist.
* * * LOW HITPOINT WARNING * * *
A demonic guardian appears!
The orc warlord is knocked back by the blast.
Unknown command.
You swap places.
The orc warlord hits your rust devil with a +6 battleaxe!
Your rust devil barely misses the orc warlord.
You aren't carrying any items that you can evoke.
Okay, then.
Your rust devil hits the orc warlord.
Your rust devil corrodes the orc warlord!
Your rust devil hits the orc warlord!
The orc warlord seems to be corroded for longer.
There is an open door here.
Casting: Volatile Blastmotes (dangerous; 5% risk of failure)
Confirm with . or Enter, or press ? or * to list all spells.
You feel a surge of power!
A cloud of volatile blastmotes flares up around you!
The cloud of blastmotes explodes!
The concussive blast engulfs the orc warlord!
The orc warlord is severely wounded.
There is an open door here.
Unknown command.
The orc warlord is no longer covered in acid.
Things that are here:
a +0 war axe; a +0 leather armour
There is an open door here.
You enter the shallow water.
Moving in this stuff is going to be slow.
The orc warlord attacks as it pursues you!
The orc warlord splashes around in the water.
Casting: Volatile Blastmotes (dangerous; 5% risk of failure)
Confirm with . or Enter, or press ? or * to list all spells.
You feel a surge of power!
A cloud of volatile blastmotes flares up around you!
The orc warlord hits you with a +6 battleaxe!!
You die...

[...)'.....#.........~~'...#
.....#....##8.8...8.8~##...#
....##....#~!........~#....##
...##.....#~}.....~#~~#.....##
≈≈##......##~~~#~~~####......##
≈≈#........#########.)....8...#
≈≈#..8..8....'.....'))).......#
≈≈#...)......#~o~~~#..........#
≈≈##.........#~)@~~#)..8..8..##
≈≈≈##...8...##~~)~~##.......##
♣≈≈ ##.....##.......##.....##
##...##.........##...##
#####♣♣♣.....♣♣♣##### ♣♣♣∩♣♣♣
♣♣♣


You could see an orc warlord.

Vanquished Creatures
  Grinder (D:5)
  A steam dragon (D:7)
  Edmund (D:5)
  An ice beast (D:5)
  7 orc warriors
  5 ogres
  A scorpion (D:6)
  A howler monkey (D:6)
  4 hounds
  An iguana (D:4)
  2 gnolls (Bailey)
  9 adders
  5 river rats (Sewer)
  A shadow imp (D:5)
  2 white imps (D:7)
  4 ufetubi
  7 worms
  2 dart slugs
  19 orcs
  6 endoplasms
  5 giant cockroaches
  10 goblins
  10 hobgoblins
  7 jackals
  4 quokkas
  17 ball pythons
  12 bats
  12 frilled lizards
  15 kobolds
  9 rats
181 creatures vanquished.

Vanquished Creatures (collateral kills)
  An iguana (D:5)
1 creature vanquished.

Vanquished Creatures (others)
  471 foxfires
471 creatures vanquished.

Grand Total: 653 creatures vanquished

Notes
Turn   | Place    | Note
-------+----------+-------------------------------------------
     0 | D:1      | Ekaitz the Demonspawn Fire Elementalist began the quest for
                  | the Orb.
     0 | D:1      | Reached XP level 1. HP: 13/13 MP: 3/3
   235 | D:1      | Reached skill level 3 in Fire Magic
   235 | D:1      | Discovered your monstrous ancestry.
   235 | D:1      | Gained mutation: You have large cloven feet. [demonic
                  | ancestry]
   235 | D:1      | Reached XP level 2. HP: 19/19 MP: 1/5
   238 | D:1      | Learned a level 2 spell: Scorch
   767 | D:1      | Gained mutation: You have a pair of small antennae on your
                  | head. [demonic ancestry]
   767 | D:1      | Reached XP level 3. HP: 24/24 MP: 6/6
   771 | D:1      | Learned a level 3 spell: Volatile Blastmotes
  1161 | D:2      | Identified the +0 ring mail of the Arcane {rF- Will+++
                  | Regen+ rCorr}
  2554 | D:3      | Reached skill level 1 in Evocations
  2554 | D:3      | Gained mutation: A weak demonic guardian rushes to your
                  | aid. [demonic ancestry]
  2554 | D:3      | Reached XP level 4. HP: 31/31 MP: 3/7
  3249 | D:4      | Found Jofodud's General Store.
  3257 | D:4      | Bought a potion of might for 44 gold pieces
  3257 | D:4      | Bought a scroll of teleportation for 33 gold pieces
  3257 | D:4      | Bought a scroll of identify for 22 gold pieces
  3274 | D:4      | Noticed an ogre
  3280 | D:4      | Killed an ogre
  3281 | D:4      | Reached skill level 1 in Fighting
  3281 | D:4      | Gained mutation: Your demonic aura sometimes causes spilled
                  | blood to erupt in flames. [demonic ancestry]
  3281 | D:4      | Reached XP level 5. HP: 37/37 MP: 3/8
  3421 | D:4      | Learned a level 2 spell: Blink
  3445 | D:4      | Found a broken altar of Ashenzari.
  3576 | D:4      | Noticed an ogre
  3589 | D:4      | Killed an ogre
  3590 | D:4      | Reached skill level 1 in Translocations
  3800 | D:4      | Reached XP level 6. HP: 32/44 MP: 5/9
  4118 | D:4      | Identified the +2 pair of gloves of Qecim {rC- Will- Str+4
                  | Int+5}
  4356 | D:5      | Entered Level 5 of the Dungeon
  4560 | D:5      | Reached skill level 4 in Fire Magic
  4622 | D:5      | Noticed Edmund
  4632 | D:5      | Killed Edmund
  4633 | D:5      | Reached XP level 7. HP: 45/51 MP: 2/11
  4639 | D:5      | Learned a level 3 spell: Inner Flame
  4762 | D:5      | Noticed Grinder
  4771 | D:5      | Killed Grinder
  4830 | D:5      | Reached skill level 1 in Hexes
  5105 | D:5      | Reached skill level 1 in Short Blades
  5105 | D:5      | Gained mutation: A demonic guardian rushes to your aid.
                  | [demonic ancestry]
  5105 | D:5      | Reached XP level 8. HP: 58/58 MP: 5/13
  5514 | D:6      | Found a glowing drain.
  5608 | Sewer    | Entered a sewer
  6655 | D:6      | Reached skill level 5 in Fire Magic
  6990 | D:6      | Found a blossoming altar of Fedhas.
  6994 | D:6      | Found an ornate altar of the Wu Jian Council.
  6997 | D:6      | Found a hazy altar of Hepliaklqana.
  7073 | D:6      | Found a staircase to the Ecumenical Temple.
  7082 | Temple   | Entered the Ecumenical Temple
  7102 | Temple   | Became a worshipper of Uskayaw the Reveller
  7128 | D:6      | Identified the +1 cloak "Peveimacin" {rPois rC- Int+5}
  7197 | D:6      | Found an ancient bone altar of Kikubaaqudgha.
  7267 | D:6      | Reached * piety under Uskayaw
  7268 | D:6      | Reached ** piety under Uskayaw
  7441 | D:6      | Found an iron altar of Okawaru.
  7533 | D:7      | Found a flagged portal.
  7610 | D:7      | Reached skill level 1 in Invocations
  7616 | D:7      | Reached *** piety under Uskayaw
  7619 | D:7      | Reached **** piety under Uskayaw
  7622 | D:7      | Reached ***** piety under Uskayaw
  7770 | Bailey   | Entered a bailey
  7822 | Bailey   | Noticed an orc warlord
  7971 | Bailey   | Gained mutation: You have hoof-like feet. [demonic
                  | ancestry]
  7971 | Bailey   | Reached XP level 9. HP: 44/65 MP: 3/15
  8147 | Bailey   | Found a runed translucent gate.
  8149 | Bailey   | Found a runed translucent gate.
  8151 | Bailey   | Found a runed translucent gate.
  8290 | Bailey   | HP: 1/65 [orc warlord/+6 battleaxe (26)]
  8383 | Bailey   | Slain by an orc warlord

Illustrated notes

Levels and vault maps discovered:
D:1:      matt_arrival_los_fun, layout_loops_ring, minivault_4
D:2:      layout_basic, hangedman_decor_opposing, minivault_4
D:3:      layout_basic
D:4:      layout_basic, cheibrodos_ashenzari_chains, serial_shops, shop,
          grunt_ministairs_4, kennysheep_nub, minmay_lizard_king
D:5:      layout_loops_ring, uniq_edmund, uniq_grinder
D:6:      layout_loops_ring, minmay_overflow_temple_star_quad, kennysheep_mini,
          mainiacjoe_overflow_24_doors, minmay_temple_entry_statues_fountains,
          portal_sewer_entry_b
D:7:      layout_basic, enter_bailey_5, nicolae_shop_vocational
Temple:   nicolae_temple_ecumenical_triangle
Bailey:   bailey_axe_bossmonster_kennysheep, bailey

Skill      XL: |  1  2  3  4  5  6  7  8  9 |
---------------+----------------------------+-----
Fire Magic     | 3 4 5 |  5.8
Stealth        | 2 3 |  3.0
Dodging        | 2 3 |  3.6
Evocations     | 1 2 3 |  3.7
Fighting       | 1 2 3 |  3.8
Conjurations   | 2 3 |  3.3
Translocations | 1 2 3 |  3.2
Spellcasting   | 3 4 |  4.3
Hexes          | 1 2 |  2.8
Short Blades   | 1 |  1.2
Invocations    | 2 |  2.7

Action                     |  1- 3 |  4- 6 |  7- 9 || total
---------------------------+-------+-------+-------++-------
  Melee: Kick              |     6 |    11 |    17 ||    34
         Unarmed           |     2 |       |       ||     2
         Dagger            |    16 |    37 |    59 ||   112
         Short sword       |     7 |       |       ||     7
         Punch             |       |       |     1 ||     1
   Cast: Foxfire           |    71 |    55 |   144 ||   270
         Scorch            |     1 |     7 |    26 ||    34
         Blink             |       |     2 |     1 ||     3
         Volatile Blastmot |       |     2 |    13 ||    15
         Inner Flame       |       |       |     4 ||     4
    Use: Scroll            |       |       |     4 ||     4
         Potion            |       |       |     4 ||     4
   Stab: Sleeping          |     5 |     3 |     2 ||    10
         Distracted        |       |       |     1 ||     1
         Paralysed         |       |       |     1 ||     1
 Armour: Robe              |    14 |     9 |    50 ||    73
  Dodge: Dodged            |    17 |    28 |    80 ||   125

Table legend: (Time is in decaauts)
 A = Elapsed time spent in this place.
 B = Non-inter-level travel time spent in this place.
 C = Inter-level travel time spent in this place.
 D = Time resting spent in this place.
 E = Time spent auto-exploring this place.
 F = Levels seen in this place.
 G = Mean time per level.
                   A        B        C        D        E       F      G
               +--------+--------+--------+--------+--------+-----+--------+
         Total |   8533 |   8234 |    299 |    262 |   6060 |  10 |  853.3 |
       Dungeon |   6735 |   6449 |    286 |    195 |   5137 |   7 |  962.1 |
        Temple |     38 |     25 |     13 |      0 |      0 |   1 |   38.0 |
         Sewer |   1140 |   1140 |      0 |     62 |    634 |   1 | 1140.0 |
        Bailey |    618 |    618 |      0 |      5 |    288 |   1 |  618.0 |
               +--------+--------+--------+--------+--------+-----+--------+

Top non-repeatable levels by time:
   Sewer: 1140 daAuts
     D:3: 1121 daAuts
     D:4: 1121 daAuts
     D:1: 1117 daAuts
     D:6: 1078 daAuts
     D:5: 1035 daAuts
     D:2: 994 daAuts
  Bailey: 618 daAuts
     D:7: 266 daAuts
  Temple: 38 daAuts
